 Dungeon Crawl Stone Soup version 0.19-a0-1007-g133f65f (webtiles) character file.

7376 HAL9000 the Fighter (level 10, -4/100 HPs)
             Began as a White Draconian Transmuter on July 19, 2016.
             Was a Follower of Makhleb.
             Slain by a river rat (6 damage)
             ... on level 2 of the Lair of Beasts.
             The game lasted 00:21:44 (10217 turns).

HAL9000 the Fighter (White Draconian Transmuter)   Turns: 10217, Time: 00:21:45

Health: -4/100     AC: 11    Str: 19    XL:     10   Next: 92%
Magic:  10/13      EV: 12    Int: 15    God:    Makhleb [*.....]
Gold:   460        SH:  0    Dex: 15    Spells: 5 memorised, 0 levels left

rFire  + . .     SeeInvis .       - Unarmed
rCold  + + .     Gourm    .     (armour unavailable)
rNeg   . . .     Faith    .     (no shield)
rPois  .         Spirit   .     (helmet restricted)
rElec  .         Dismiss  +     (no cloak)
rCorr  .         Reflect  .     D - +1 pair of gloves
SustAt .         Harm     .     T - +1 pair of boots
MR     .....                    M - amulet "Vemaar" {Dismiss rF+ Str+6 Dex+2}
Stlth  ++........               (no ring)
                                Q - ring of protection from cold

@: lethally poisoned (-4 -> -10), not resistant to hostile enchantments,
unstealthy
A: breathe frost, unfitting armour, cold resistance 1, cold-blooded, AC +7
a: Breathe Frost, Renounce Religion


You were on level 2 of the Lair of Beasts.
You worshipped Makhleb.
Makhleb was aware of your devotion.
You were hungry.

You visited 3 branches of the dungeon, and saw 11 of its levels.

You collected 460 gold pieces.

Inventory:

Missiles
 a - 104 arrows
 V - 9 javelins (quivered)
Armour
 D - a +1 pair of gloves (worn)
 T - a +1 pair of boots (worn)
Jewellery
 d - an uncursed amulet of magic regeneration
 t - an uncursed ring of teleportation
 C - a +2 amulet of reflection
 M - the amulet "Vemaar" (around neck) {Dismiss rF+ Str+6 Dex+2}
   (You found it on level 6 of the Dungeon)

   [amulet of dismissal]

   It may teleport away creatures that harm you.
   It affects your strength (+6).
   It affects your dexterity (+2).
   It protects you from fire.
 N - an uncursed amulet of rage
 Q - a ring of protection from cold (left hand)
Wands
 F - a wand of paralysis (12/24)
 O - a wand of lightning (12/15)
 S - a wand of acid (7/15)
 X - a wand of teleportation (5/9)
Scrolls
 e - 3 scrolls of enchant weapon
 y - 4 scrolls of enchant armour
 I - 2 scrolls of blinking
 K - a scroll of identify
 L - a scroll of fog
 P - a scroll of random uselessness {unknown}
 W - a scroll of remove curse
Potions
 h - 3 potions of curing
 i - 2 potions of haste {unknown}
 k - 3 potions of lignification
 l - a potion of resistance
 r - 2 potions of ambrosia
 s - a potion of agility
 v - a potion of magic
 B - a potion of cancellation {unknown}
 H - 3 potions of beneficial mutation {unknown}
 J - a potion of degeneration {unknown}
 U - a potion of mutation {unknown}
 Y - a potion of brilliance {unknown}
Books
 b - a book of Changes

   Spells                             Type                      Level
   a - Beastly Appendage              Transmutation                1
   b - Sticks to Snakes               Transmutation                2
   c - Spider Form                    Transmutation/Poison         3
   d - Ice Form                       Ice/Transmutation            4
   e - Blade Hands                    Transmutation                5
 G - a book of Spatial Translocations

   Spells                             Type                      Level
   a - Apportation                    Translocation                1
   b - Blink                          Translocation                2
   c - Shroud of Golubria             Charms/Translocation         2
   d - Portal Projectile              Translocation                3
   e - Teleport Other                 Translocation                3
   f - Passage of Golubria            Translocation                4
Comestibles
 c - 9 bread rations
 w - 2 meat rations


   Skills:
 - Level 12.7 Fighting
 - Level 1.7 Dodging
 + Level 9.9 Unarmed Combat
 - Level 2.0 Spellcasting
 + Level 9.8 Transmutations


You couldn't memorise any spells.
You knew the following spells:

 Your Spells              Type           Power        Failure   Level  Hunger
a - Beastly Appendage     Tmut           ####..       1%          1    #......
b - Sticks to Snakes      Tmut           ####....     1%          2    ###....
c - Spider Form           Tmut/Pois      ###.......   12%         3    ###....
d - Blade Hands           Tmut           ####......   14%         5    ######.
e - Blink                 Tloc           N/A          34%         2    ###....


Dungeon Overview and Level Annotations

Branches:
Dungeon (8/15)             Temple (1/1) D:7            Lair (2/6) D:8
  Swamp: Lair:2-4    Shoals: Lair:2-4     Snake: Lair:2-4    Spider: Lair:2-4

Altars:
Ashenzari
Cheibriados
Dithmenos
Fedhas
Gozag
Kikubaaqudgha
Makhleb
Nemelex Xobeh
Okawaru
Pakellas
Qazlal
Ru
Sif Muna
Uskayaw
Vehumet
Xom
Yredelemnul
Zin
The Shining One

Shops:
D:7 ?   D:8 %


Innate Abilities, Weirdness & Mutations

You can breathe waves of freezing cold.
You can buffet flying creatures when you breathe cold.
Your icy white scales are hard. (AC +7)
Your body does not fit into most forms of armour.
Your flesh is cold resistant. (rC+)
You are cold-blooded and may be slowed by cold attacks.


Message History

You climb downwards.
The spiny frog stings you.
* * * LOW HITPOINT WARNING * * *
The spiny frog closely misses you.
There is a stone staircase leading up, spattered with blood here.
You hit the spiny frog but do no damage.
The spiny frog is severely wounded.
Your hands revert to their normal proportions.
Your +1 pair of gloves unmelds from your body.
The river rat bites you but does no damage. x3
The spiny frog stings you!
* * * LOW HITPOINT WARNING * * *
You are lethally poisoned!
The spiny frog poisons you!
Unknown command.
You punch the spiny frog!
You kill the spiny frog!
Makhleb accepts your kill.
* * * LOW HITPOINT WARNING * * *
You feel sick. The river rat bites you.
You die...

#P..... .##
..#.. ## ...
....#..# #.$
....#.#
#..##...P.##
#..P......#
#..rr†....#
#@†.#
.......r†>#
##.###.#.##
#. .# ## .#
.# .# ##


You could see 3 river rats.

Vanquished Creatures
  Sonja (Lair:1)
  Pikel (D:7)
  Joseph (D:7)
  3 spiny frogs
  A komodo dragon (Lair:1)
  A hungry ghost (D:7)
  A hippogriff (Lair:1)
  Edmund (D:5)
  3 water moccasins
  2 hell hounds (D:8)
  A porcupine (Lair:1)
  A slave (D:7)
  2 sky beasts
  A black bear (D:8)
  3 ice beasts
  2 phantoms
  5 ogres
  A centaur (D:5)
  5 giant frogs
  3 scorpions
  4 killer bees (D:7)
  2 electric eels (Lair:1)
  2 crimson imps
  An orc priest (D:4)
  A giant frog skeleton (D:4)
  3 orc wizards
  2 centaur skeletons (D:8)
  6 hounds
  2 jellies
  3 iguanas
  5 worker ants
  A hound skeleton (D:8)
  11 gnolls
  7 river rats (Lair:2)
  6 adders
  A shadow imp (D:6)
  2 adder skeletons
  A worm (D:2)
  2 dart slugs
  6 giant geckos
  23 orcs
  3 giant cockroaches
  2 goblins
  6 hobgoblins
  5 jackals
  4 quokkas
  5 bats
  A giant gecko skeleton (D:5)
  3 giant newts
  6 kobolds
  A quokka skeleton (D:5)
  5 rats
171 creatures vanquished.

Vanquished Creatures (collateral kills)
  A gnoll sergeant (D:7)
  Jessica (D:2)
  3 gnolls
  A worm (D:4)
  A giant cockroach (D:3)
  A bat (D:3)
8 creatures vanquished.

Vanquished Creatures (others)
  2 slaves (D:7)
  A howler monkey skeleton (D:7)
3 creatures vanquished.

Grand Total: 182 creatures vanquished

Notes
Turn   | Place    | Note
-------+----------+-------------------------------------------
     0 | D:1      | HAL9000 the Draconian Transmuter began the quest for the Orb.
     0 | D:1      | Reached XP level 1. HP: 16/16 MP: 3/3
   328 | D:1      | Reached XP level 2. HP: 20/23 MP: 3/5
   332 | D:1      | Learned a level 2 spell: Sticks to Snakes
  1146 | D:2      | Noticed Jessica
  1155 | D:2      | Killed Jessica
  1155 | D:2      | Reached XP level 3. HP: 28/28 MP: 2/6
  1358 | D:2      | Found a glowing golden altar of the Shining One.
  1582 | D:3      | Reached XP level 4. HP: 35/35 MP: 5/7
  1673 | D:3      | Found an oddly glowing altar of Pakellas.
  1982 | D:4      | Reached XP level 5. HP: 37/40 MP: 2/8
  2271 | D:4      | Found a hide-covered altar of Uskayaw.
  2568 | D:4      | Reached skill level 5 in Unarmed Combat
  2573 | D:4      | Learned a level 3 spell: Spider Form
  2639 | D:4      | Noticed an ogre
  2647 | D:4      | Killed an ogre
  2647 | D:4      | Reached skill level 5 in Transmutations
  2647 | D:4      | Reached XP level 6. HP: 43/47 MP: 6/9
  2948 | D:4      | Found a shadowy altar of Dithmenos.
  3258 | D:4      | Your scales start taking on an icy white colour.
  3258 | D:4      | Reached XP level 7. HP: 26/52 MP: 8/10
  3258 | D:4      | Gained mutation: Your flesh is cold resistant. (rC+) [White Draconian growth]
  3544 | D:5      | Entered Level 5 of the Dungeon
  3623 | D:5      | Identified a scroll of acquirement
  3634 | D:5      | Noticed Edmund
  3649 | D:5      | Killed Edmund
  3693 | D:5      | Found an ancient bone altar of Kikubaaqudgha.
  3693 | D:5      | Found a blossoming altar of Fedhas.
  4103 | D:5      | Reached skill level 12 in Fighting
  4103 | D:5      | Reached XP level 8. HP: 64/85 MP: 11/11
  4297 | D:5      | Learned a level 5 spell: Blade Hands
  4353 | D:5      | Reached XP level 9. HP: 92/92 MP: 12/12
  4375 | D:5      | Found a blossoming altar of Fedhas.
  4690 | D:5      | Found a glowing silver altar of Zin.
  4690 | D:5      | Found an opulent altar of Gozag.
  5000 | D:5      | Found a shimmering altar of Xom.
  5336 | D:6      | Got a glittering amethyst amulet
  5392 | D:6      | Identified the amulet "Vemaar" {Dismiss rF+ Str+6 Dex+2} (You found it on level 6 of the Dungeon)
  5667 | D:7      | Found Vanulame's Magic Scroll Shop.
  6079 | D:7      | Noticed Joseph
  6092 | D:7      | Killed Joseph
  6685 | D:7      | Found a staircase to the Ecumenical Temple.
  6712 | D:7      | Noticed Pikel
  6725 | D:7      | Killed Pikel
  6725 | D:7      | Reached XP level 10. HP: 41/100 MP: 0/13
  7189 | D:8      | Found a staircase to the Lair.
  7296 | Temple   | Entered the Ecumenical Temple
  7452 | Temple   | Became a worshipper of Makhleb the Destroyer
  8159 | D:8      | Found Jotanol's Food Shop.
  8213 | Lair:1   | Entered Level 1 of the Lair of Beasts
  8615 | Lair:1   | Noticed a spiny frog
  8622 | Lair:1   | Killed a spiny frog
  8701 | Lair:1   | Learned a level 2 spell: Blink
  9730 | Lair:1   | Noticed a spiny frog
  9757 | Lair:1   | Killed a spiny frog
  9764 | Lair:1   | Noticed Sonja
  9792 | Lair:1   | HP: 2/100 [poisoned by Sonja]
  9801 | Lair:1   | Killed Sonja
 10196 | Lair:2   | Noticed a spiny frog
 10204 | Lair:2   | Reached * piety under Makhleb
 10216 | Lair:2   | HP: 3/100 [spiny frog (11)]
 10217 | Lair:2   | Killed a spiny frog
 10217 | Lair:2   | Slain by a river rat

Vault maps used:
D:1:      roderic_octagonal_star
D:2:      tso_oasis_becter, uniq_jessica
D:3:      small_statue_intersection, grunt_pakellas_basics
D:4:      old_standard_altar, nicolae_dithmenos_the_darkroom
D:5:      grunt_temple_overflow_gold_and_silver,
          grunt_temple_overflow_growth_and_decay, kennysheep_mini, first_bread,
          st_stairs_9, fedhas_bush_and_centaur_altar, uniq_edmund
D:6:      nicolae_overflow_hidden_temple
D:7:      serial_shops, shop, uniq_joseph, uniq_pikel
D:8:      minmay_lair_entry_lava, serial_shops, kennysheep_mini_moat
Temple:   nicolae_temple_figure_eight
Lair:1:   disabler_island, uniq_sonja
Lair:2:   minmay_shoals_entry_hut

Skill      XL: |  1  2  3  4  5  6  7  8  9 10 |
---------------+-------------------------------+-----
Transmutations | 3 4 5 6 8 9 |  9.8
Unarmed Combat | 4 5 6 7 8 9 |  9.9
Fighting       | 12 | 12.7
Dodging        | |  1.7
Spellcasting   | |  2.0

Action                   |  1- 3 |  4- 6 |  7- 9 | 10-12 || total
-------------------------+-------+-------+-------+-------++-------
Melee: Unarmed           |   115 |   125 |   237 |   142 ||   619
       Kick              |    14 |    11 |     5 |       ||    30
       Tailslap          |     6 |     9 |    24 |    15 ||    54
       Headbutt          |     4 |     2 |     2 |       ||     8
       Punch             |     1 |     5 |     6 |     3 ||    15
Throw: Javelin           |       |       |       |     3 ||     3
 Cast: Beastly Appendage |    25 |    15 |     7 |       ||    47
       Sticks to Snakes  |     2 |     8 |    11 |     4 ||    25
       Spider Form       |       |     3 |    11 |     1 ||    15
       Blade Hands       |       |       |     3 |     9 ||    12
 Abil: Breathe Frost     |       |       |     6 |       ||     6
       End Transformatio |       |       |       |     2 ||     2
  Use: Scroll            |       |       |    15 |     6 ||    21
       Potion            |       |       |     3 |     7 ||    10
 Stab: Sleeping          |     2 |       |       |       ||     2
       Distracted        |       |       |     2 |       ||     2
  Eat: Chunk             |     3 |     6 |    14 |    10 ||    33
       Pizza             |       |       |     1 |       ||     1
       Royal jelly       |       |       |       |     2 ||     2
       Fruit             |       |       |       |     1 ||     1
       Beef jerky        |       |       |       |     1 ||     1
Armor: Skin              |    32 |    23 |    49 |    55 ||   159
Dodge: Dodged            |    75 |    93 |   152 |   121 ||   441
Block: Other             |       |       |     9 |       ||     9
